[Event "Titled Tuesday Blitz January 17 Early 2023"]
[White "Lenderman, Aleksandr"]
[Black "Boruchovsky, Avital"]
[WhiteFideId "2021285"]
[BlackFideId "2800055"]
[WhiteElo "2572"]
[BlackElo "2539"]
[Result "1-0"]
[Round "04"]
[TimeControl "180+2"]
[Date "2023.01.17"]
[WhiteClock "0:02:04"]
[BlackClock "0:00:03"]

1. Nf3 c5 2. c3 d5 3. d4 e6 4. Bf4 Nc6 5. e3 Nf6 6. Nbd2 b6 7. Bb5 Bd7 8. O-O a6 9. Bd3 cxd4 10. exd4 b5 11. Ne5 Be7 12. Re1 O-O 13. a3 Nxe5 14. dxe5 Ne8 15. Qh5 g6 16. Qh6 f6 17. exf6 Bxf6 18. Nf3 Bg7 19. Qg5 Bf6 20. Qg3 Ng7 21. Be5 Nh5 22. Bxf6 Qxf6 23. Qe5 Nf4 24. Qxf6 Rxf6 25. Ne5 Be8 26. Bf1 g5 27. g3 Ng6 28. Ng4 Rf8 29. Rxe6 Kg7 30. Rd6 Bf7 31. Ne3 Ne7 32. Rd7 Kf6 33. Re1 Be6 34. Rd6 Kf7 35. Nc2 Bf5 36. Nd4 Rad8 37. Rxa6 Bg6 38. Ra7 Rde8 39. Bxb5 1-0


[Site "https://www.chess.com"]

[Event "Titled Tuesday Blitz January 17 Early 2023"]
[White "Gholami Orimi, Mahdi"]
[Black "Rohith Krishna S"]
[WhiteFideId "12558486"]
[BlackFideId "46617051"]
[WhiteElo "2420"]
[BlackElo "2385"]
[Result "1-0"]
[Round "04"]
[TimeControl "180+2"]
[Date "2023.01.17"]
[WhiteClock "0:00:12"]
[BlackClock "0:00:15"]

1. d4 Nf6 2. c4 e6 3. Nc3 d5 4. Nf3 Be7 5. Bf4 c6 6. e3 O-O 7. Rc1 b6 8. h3 Bb7 9. cxd5 cxd5 10. Bd3 Nc6 11. O-O Bd6 12. Ne5 Ne7 13. Nb5 Bb8 14. Ng4 Ne8 15. Bxb8 Qxb8 16. Ne5 Qd8 17. Bb1 a6 18. Nc3 Rc8 19. Na4 f6 20. Rxc8 Nxc8 21. Bxh7+ Kxh7 22. Qh5+ Kg8 23. Ng6 Ned6 24. Rc1 Nf7 25. Nxf8 Kxf8 26. Qg4 Qd7 27. b3 Bc6 28. Nb2 Ncd6 29. Nd3 Bb7 30. Nf4 Nd8 31. Qh5 Ne8 32. Qh8+ Ke7 33. h4 Kd6 34. Ng6 Qf7 35. h5 Bc6 36. a4 Bd7 37. h6 Qxg6 38. Qf8# 1-0


[Site "https://www.chess.com"]

[Event "Titled Tuesday Blitz January 17 Early 2023"]
[White "Bocharov, Dmitry"]
[Black "Narayanan, Srinath"]
[WhiteFideId "4138716"]
[BlackFideId "5018420"]
[WhiteElo "2516"]
[BlackElo "2559"]
[Result "0-1"]
[Round "04"]
[TimeControl "180+2"]
[Date "2023.01.17"]
[WhiteClock "0:00:40"]
[BlackClock "0:01:11"]

1. d4 d5 2. c4 dxc4 3. Nf3 Nf6 4. e3 e6 5. Bxc4 c5 6. O-O a6 7. Nbd2 Nbd7 8. e4 cxd4 9. e5 Ng4 10. Qe2 Qc7 11. Re1 b5 12. Bd3 Bb7 13. h3 Nh6 14. Nb3 Rd8 15. Bd2 Qb8 16. Rac1 Be7 17. Nbxd4 Nc5 18. Bb1 Bxf3 19. Nxf3 Nf5 20. Bb4 Nd3 21. Bxd3 Bxb4 22. Red1 O-O 23. Bxf5 exf5 24. Nd4 Qb6 25. Nxf5 Rxd1+ 26. Rxd1 g6 27. a3 Bc5 28. Nd6 b4 29. axb4 Qxb4 30. Rd5 a5 31. Qf3 Qe1+ 32. Kh2 Bxf2 33. Qd1 Bg3# 0-1


[Site "https://www.chess.com"]

[Event "Titled Tuesday Blitz January 17 Early 2023"]
[White "Dardha, Daniel"]
[Black "Demin, Vladimir"]
[WhiteFideId "240990"]
[BlackFideId "4167457"]
[WhiteElo "2631"]
[BlackElo "2430"]
[Result "1-0"]
[Round "04"]
[TimeControl "180+2"]
[Date "2023.01.17"]
[WhiteClock "0:00:13"]
[BlackClock "0:00:20"]

1. d4 Nf6 2. Bg5 d5 3. e3 c5 4. Bxf6 gxf6 5. dxc5 e6 6. Nf3 Bxc5 7. Be2 Rg8 8. O-O Nc6 9. c4 dxc4 10. Qa4 a6 11. Qxc4 Qe7 12. Nc3 b5 13. Qh4 Bb7 14. Ne4 O-O-O 15. Nxc5 Qxc5 16. Rfc1 Qd5 17. e4 Qd7 18. Qxf6 Kb8 19. Bf1 Ka8 20. Rc2 Rg6 21. Qf4 Rdg8 22. Rac1 Rg4 23. Qe3 f5 24. Qb6 fxe4 25. Ne1 Nd4 26. Rc7 Qd5 27. R1c5 Ne2+ 28. Bxe2 1-0


[Site "https://www.chess.com"]

[Event "Titled Tuesday Blitz January 17 Early 2023"]
[White "Szpar, Milosz"]
[Black "Shimanov, Aleksandr"]
[WhiteFideId "1184989"]
[BlackFideId "4198603"]
[WhiteElo "2447"]
[BlackElo "2581"]
[Result "0-1"]
[Round "04"]
[TimeControl "180+2"]
[Date "2023.01.17"]
[WhiteClock "0:00:06"]
[BlackClock "0:00:16"]

1. e4 c6 2. d4 d5 3. e5 Bf5 4. h4 h6 5. g4 Bd7 6. h5 c5 7. dxc5 e6 8. Be3 Qc7 9. f4 Bxc5 10. Bxc5 Qxc5 11. Qd2 Nc6 12. Nf3 f6 13. Nc3 fxe5 14. fxe5 Nge7 15. O-O-O Rf8 16. Be2 O-O-O 17. a3 Kb8 18. Kb1 Nc8 19. g5 hxg5 20. Qxg5 Qe7 21. Rdg1 Rf7 22. Rh3 Rdf8 23. Qxe7 N8xe7 24. Rhg3 Nf5 25. Rg5 a6 26. Bd3 Nfe7 27. Rxg7 Rxf3 28. h6 Rh8 29. h7 Rff8 30. R1g5 Kc8 31. Ne2 Kd8 32. Ng3 Be8 33. Ne2 Rf7 34. Nf4 Rxf4 35. Rg8 Rf8 36. Rxf8 Rxf8 37. b4 Rh8 38. Kb2 Bf7 39. Rg7 Ke8 40. b5 axb5 41. Bxb5 Kf8 0-1


[Site "https://www.chess.com"]

[Event "Titled Tuesday Blitz January 17 Early 2023"]
[White "Zierk, Steven"]
[Black "Trent, Lawrence"]
[WhiteFideId "2034255"]
[BlackFideId "408638"]
[WhiteElo "2488"]
[BlackElo "2403"]
[Result "1-0"]
[Round "04"]
[TimeControl "180+2"]
[Date "2023.01.17"]
[WhiteClock "0:01:10"]
[BlackClock "0:00:37"]

1. e4 c5 2. Nf3 d6 3. d4 cxd4 4. Nxd4 Nf6 5. Nc3 g6 6. Be3 a6 7. f3 b5 8. a4 b4 9. Na2 a5 10. c3 Bg7 11. Bb5+ Bd7 12. cxb4 O-O 13. Bxd7 Nbxd7 14. Nc6 Qe8 15. b5 e6 16. Qxd6 Nh5 17. Rd1 Nb8 18. Ne7+ Kh8 19. Nc3 Bf6 20. Bd4 Nd7 21. Nc6 e5 22. Be3 Nb8 23. g4 Bh4+ 24. Bf2 Bxf2+ 25. Kxf2 Nxc6 26. gxh5 Nd4 27. Qf6+ Kg8 28. Rxd4 1-0


[Site "https://www.chess.com"]

[Event "Titled Tuesday Blitz January 17 Early 2023"]
[White "Oparin, Grigoriy"]
[Black "Andreev, Eduard"]
[WhiteFideId "24125890"]
[BlackFideId "14103400"]
[WhiteElo "2667"]
[BlackElo "2413"]
[Result "1-0"]
[Round "04"]
[TimeControl "180+2"]
[Date "2023.01.17"]
[WhiteClock "0:00:17"]
[BlackClock "0:00:04"]

1. e4 c5 2. Nf3 d6 3. Nc3 Nf6 4. e5 dxe5 5. Nxe5 Nbd7 6. Bb5 a6 7. Bxd7+ Bxd7 8. O-O e6 9. d3 Bd6 10. Re1 Qc7 11. Bf4 O-O 12. Bg3 b5 13. Qd2 Bc6 14. Qg5 h6 15. Qh4 Bb7 16. Rad1 Nd7 17. Nxd7 Qxd7 18. Bxd6 Qxd6 19. Qg3 Qd4 20. Qe5 Rfd8 21. h3 Rac8 22. a3 Qxe5 23. Rxe5 Rd4 24. f3 c4 25. Ne2 Rd5 26. Rxd5 Bxd5 27. d4 g5 28. Kf2 Kg7 29. Nc3 Kf6 30. Re1 Rd8 31. Re5 Ke7 32. h4 f6 33. Re1 Kf7 34. hxg5 hxg5 35. Rh1 Kg7 36. Ke3 Rb8 37. Ra1 Rh8 38. Kf2 Rb8 39. Nd1 Rc8 40. c3 Rb8 41. Ne3 a5 42. Kg3 Kg6 43. Rc1 Rh8 44. Re1 a4 45. Nxd5 exd5 46. Re7 Rh1 47. Rb7 Rb1 48. Rxb5 f5 49. Rb6+ Kh5 50. Rb8 Kg6 51. Rb5 Kf6 52. Rb6+ Kg7 53. Kh2 Kf7 54. Kg3 Kg7 55. Rb5 Kg6 56. Kf2 Kf6 57. g3 Ke6 58. Kg2 Kf6 59. Kh3 Kg6 60. Rb6+ Kf7 61. f4 gxf4 62. gxf4 Ke7 63. Kh4 Kd7 64. Kg5 Kc7 65. Rb4 Re1 66. Kxf5 Kc6 67. Kf6 Kd6 68. f5 1-0


[Site "https://www.chess.com"]

[Event "Titled Tuesday Blitz January 17 Early 2023"]
[White "Dubov, Daniil"]
[Black "Karthik Rajaa"]
[WhiteFideId "24126055"]
[BlackFideId "25035215"]
[WhiteElo "2708"]
[BlackElo "2276"]
[Result "1-0"]
[Round "04"]
[TimeControl "180+2"]
[Date "2023.01.17"]
[WhiteClock "0:01:16"]
[BlackClock "0:00:13"]

1. d4 Nf6 2. Nf3 g6 3. c4 Bg7 4. Nc3 O-O 5. Bg5 d6 6. e3 Nbd7 7. Be2 h6 8. Bh4 g5 9. Bg3 Nh5 10. Qc2 e6 11. Nd2 Nxg3 12. hxg3 f5 13. O-O-O Nf6 14. f4 g4 15. e4 Nd7 16. e5 dxe5 17. dxe5 Qe7 18. Rh4 a6 19. Rdh1 Rf7 20. Bxg4 fxg4 21. Rxg4 b6 22. Rxh6 Rf5 23. Rhg6 Rf7 24. Nde4 Kf8 25. Ng5 Rf5 26. Nxe6+ 1-0


[Site "https://www.chess.com"]

[Event "Titled Tuesday Blitz January 17 Early 2023"]
[White "Andreikin, Dmitry"]
[Black "Postny, Evgeny"]
[WhiteFideId "4158814"]
[BlackFideId "2804344"]
[WhiteElo "2729"]
[BlackElo "2549"]
[Result "1-0"]
[Round "04"]
[TimeControl "180+2"]
[Date "2023.01.17"]
[WhiteClock "0:01:31"]
[BlackClock "0:00:13"]

1. b3 d5 2. Bb2 Nf6 3. Nf3 c5 4. e3 Nc6 5. Bb5 Bd7 6. O-O e6 7. c4 dxc4 8. bxc4 a6 9. Bxc6 Bxc6 10. Ne5 Rc8 11. d3 Bd6 12. Nxc6 Rxc6 13. Nd2 O-O 14. Rb1 Rc7 15. Qf3 e5 16. Bc3 Qe7 17. Ne4 Nxe4 18. Qxe4 Rd7 19. Rb6 f5 20. Qd5+ Kh8 21. Rfb1 Bc7 22. Re6 Rxd5 23. Rxe7 Rxd3 24. Bxe5 Bxe5 25. Rxe5 f4 26. exf4 Rd4 27. g3 Rxc4 28. Rxb7 Rc8 29. Rc7 Rd8 30. Rexc5 Rxc5 31. Rxc5 Kg8 32. Rc6 1-0


[Site "https://www.chess.com"]

[Event "Titled Tuesday Blitz January 17 Early 2023"]
[White "Terry, Renato"]
[Black "Kobalia, Mikhail"]
[WhiteFideId "3803457"]
[BlackFideId "4119150"]
[WhiteElo "2520"]
[BlackElo "2578"]
[Result "0-1"]
[Round "04"]
[TimeControl "180+2"]
[Date "2023.01.17"]
[WhiteClock "0:00:04"]
[BlackClock "0:00:07"]

1. Nf3 d5 2. e3 Nf6 3. b3 Bg4 4. Bb2 Nbd7 5. h3 Bh5 6. d3 e6 7. g4 Bg6 8. Nh4 Bb4+ 9. Nd2 Ne4 10. dxe4 Qxh4 11. exd5 O-O 12. a3 Bxd2+ 13. Qxd2 exd5 14. Bg2 Nf6 15. O-O Rad8 16. Be5 c6 17. Bg3 Qh6 18. Bf4 Qh4 19. Bg3 Qh6 20. f3 Rfe8 21. Bf4 Qh4 22. Rae1 Nd7 23. Bc7 Rc8 24. Bh2 Qe7 25. Re2 Qxa3 26. Rfe1 Qc5 27. c3 a5 28. Bf4 Nf8 29. Bg3 Ne6 30. h4 h5 31. gxh5 Bxh5 32. Kh2 Nf8 33. Rg1 Ng6 34. Rge1 Ne5 35. Rf2 Re6 36. Ref1 Rce8 37. Bh3 Rg6 38. Bf4 Rf6 39. Bg2 Ng6 40. Bg5 Rfe6 41. Bh3 Re5 42. f4 Rxe3 43. f5 Rxh3+ 44. Kxh3 Ne5 45. f6 Ng4 46. Rf3 g6 47. Qd4 Qd6 48. Qf4 Qxf4 49. Rxf4 Re3+ 50. R1f3 Nf2+ 51. Kg3 Rxf3+ 52. Rxf3 Ne4+ 53. Kf4 Bxf3 54. Kxf3 Nxg5+ 55. hxg5 b5 56. Ke3 c5 57. Kf4 a4 58. bxa4 bxa4 0-1


[Site "https://www.chess.com"]

[Event "Titled Tuesday Blitz January 17 Early 2023"]
[White "Rozman, Levy"]
[Black "Vokhidov, Shamsiddin"]
[WhiteFideId "2039877"]
[BlackFideId "14204223"]
[WhiteElo "2322"]
[BlackElo "2586"]
[Result "0-1"]
[Round "04"]
[TimeControl "180+2"]
[Date "2023.01.17"]
[WhiteClock "0:00:01"]
[BlackClock "0:00:07"]

1. e4 Nf6 2. e5 Nd5 3. c4 Nb6 4. a4 d5 5. c5 N6d7 6. d4 e6 7. b4 b6 8. a5 bxc5 9. bxc5 f6 10. Bd3 g6 11. Qg4 Qe7 12. f4 Nc6 13. Nf3 Nb4 14. Ra3 Rb8 15. Nbd2 Nxc5 16. dxc5 Qxc5 17. Bxg6+ hxg6 18. Qxg6+ Kd7 19. Qf7+ Qe7 20. Qg6 f5 21. O-O Ba6 22. Re1 Nc2 23. Rc3 Nxe1 24. Nxe1 Qb4 25. Qf7+ Be7 26. Bb2 Qd4+ 27. Kh1 Rxb2 28. Rxc7+ Kxc7 29. Qxe7+ Kb8 30. Qd6+ Ka8 31. Ndf3 Qf2 32. Qxa6 Qc5 33. Qxe6 Rb1 34. Qf6 Rhb8 35. Qh4 Qc3 36. e6 Re8 37. e7 Qc5 38. Qf6 Qxe7 39. Qxe7 Rxe7 0-1


[Site "https://www.chess.com"]

[Event "Titled Tuesday Blitz January 17 Early 2023"]
[White "Jobava, Baadur"]
[Black "Costachi, Mihnea"]
[WhiteFideId "13601520"]
[BlackFideId "1217518"]
[WhiteElo "2578"]
[BlackElo "2476"]
[Result "1-0"]
[Round "04"]
[TimeControl "180+2"]
[Date "2023.01.17"]
[WhiteClock "0:00:13"]
[BlackClock "0:00:01"]

1. b3 d5 2. Bb2 Nf6 3. d3 g6 4. Nd2 Bg7 5. g3 O-O 6. Bg2 c5 7. e4 dxe4 8. dxe4 Nc6 9. Ne2 Qc7 10. O-O Rd8 11. Qc1 b6 12. Nf4 e6 13. e5 Nd5 14. Nxd5 exd5 15. f4 Bb7 16. Rf2 Ne7 17. Qf1 Nf5 18. Re1 Re8 19. Bh3 Nh6 20. g4 d4 21. Ne4 Bxe4 22. Rxe4 f5 23. gxf5 Nxf5 24. Bc1 Rf8 25. Qd3 Rae8 26. Bd2 Kh8 27. Ree2 Qe7 28. a4 Qh4 29. Rf3 Qh5 30. Bxf5 Rxf5 31. Rh3 Qg4+ 32. Rg3 Qh5 33. Kg2 Bh6 34. Rf2 Ref8 35. Rh3 Qg4+ 36. Qg3 Qxg3+ 37. hxg3 Bg7 38. g4 R5f7 39. Rhf3 Kg8 40. e6 Re7 41. f5 gxf5 42. gxf5 Bf6 43. Rg3+ Kh8 44. Rg4 Rg8 45. Rxg8+ Kxg8 46. Kf3 a6 47. Ke4 Rg7 48. Kd5 Kf8 49. Bf4 Ke8 50. Kc6 b5 51. axb5 axb5 52. Kxb5 h5 53. Kxc5 h4 54. Kd5 h3 55. Be5 Rg2 56. Rf3 h2 57. Rh3 Bxe5 58. Kxe5 Rxc2 59. Kd6 Kf8 60. f6 h1=Q 61. Rxh1 Kg8 62. f7+ Kg7 63. Rg1+ Kh7 64. f8=Q 1-0


[Site "https://www.chess.com"]

[Event "Titled Tuesday Blitz January 17 Early 2023"]
[White "Svane, Rasmus"]
[Black "Krysa, Leandro"]
[WhiteFideId "4657101"]
[BlackFideId "116807"]
[WhiteElo "2623"]
[BlackElo "2541"]
[Result "1-0"]
[Round "04"]
[TimeControl "180+2"]
[Date "2023.01.17"]
[WhiteClock "0:00:14"]
[BlackClock "0:00:01"]

1. Nf3 d5 2. g3 Bg4 3. Bg2 Nd7 4. O-O c6 5. h3 Bh5 6. d4 e6 7. c4 Ngf6 8. cxd5 exd5 9. Ne5 Ne4 10. Bxe4 dxe4 11. Nc3 Nxe5 12. dxe5 Bb4 13. Nxe4 Qxd1 14. Rxd1 Bxe2 15. Rd4 a5 16. Bd2 Be7 17. Re1 Bf3 18. Nd6+ Kf8 19. Nxb7 a4 20. Nd6 Bd5 21. a3 h5 22. Nf5 Bc5 23. Bb4 Bxb4 24. Rxb4 g6 25. Nd6 Kg7 26. Rb7 Rhb8 27. Rc7 Be6 28. Nxf7 Bxf7 29. e6 Rf8 30. exf7 Rxf7 31. Rxc6 Rb8 32. Ree6 Rxb2 33. Rxg6+ Kh7 34. Rcf6 Rxf6 35. Rxf6 Rb3 36. Kg2 Rxa3 37. Ra6 Kg7 38. Ra7+ Kg6 39. Ra5 Kh6 40. g4 hxg4 41. hxg4 Kg6 42. f4 Ra2+ 43. Kg3 a3 44. Ra6+ Kf7 45. Kh4 Rf2 46. f5 a2 47. Kg5 Ke7 48. Kg6 Rf4 49. g5 Rf2 50. f6+ Kd7 51. Kg7 Ke8 52. g6 Kd7 53. f7 Ke7 54. Ra7+ Ke6 55. f8=Q 1-0


[Site "https://www.chess.com"]

[Event "Titled Tuesday Blitz January 17 Early 2023"]
[White "Domingo Nunez, Ruben"]
[Black "Sanal, Vahap"]
[WhiteFideId "22245570"]
[BlackFideId "6300545"]
[WhiteElo "2416"]
[BlackElo "2600"]
[Result "0-1"]
[Round "04"]
[TimeControl "180+2"]
[Date "2023.01.17"]
[WhiteClock "0:00:30"]
[BlackClock "0:01:19"]

1. e4 c6 2. Nf3 d5 3. Nc3 Bg4 4. h3 Bxf3 5. Qxf3 e6 6. d3 Nd7 7. Qg3 g6 8. h4 h5 9. exd5 cxd5 10. Nb5 Qa5+ 11. Nc3 d4 12. Bd2 dxc3 13. bxc3 Bh6 14. f4 Bg7 15. d4 Ne7 16. Bd3 O-O 17. O-O Bxd4+ 18. Kh1 Bxc3 19. Bxg6 fxg6 20. Bxc3 Qf5 21. Rae1 Rac8 22. Ba1 Rxc2 23. Re3 Nd5 24. Rb3 Nc5 25. Ra3 Ne4 26. Qe1 a6 27. Ra4 Nec3 28. Rc4 Qg4 29. Rg1 Ne2 30. Rxc2 Ng3+ 0-1


[Site "https://www.chess.com"]

[Event "Titled Tuesday Blitz January 17 Early 2023"]
[White "Tatarinov, Dmitry"]
[Black "Remizov, Yaroslav"]
[WhiteFideId "24160067"]
[BlackFideId "34134015"]
[WhiteElo "2310"]
[BlackElo "2421"]
[Result "1-0"]
[Round "04"]
[TimeControl "180+2"]
[Date "2023.01.17"]
[WhiteClock "0:00:31"]
[BlackClock "0:00:05"]

1. Nf3 d5 2. e3 Nf6 3. c4 e6 4. b3 c5 5. cxd5 exd5 6. d4 Nc6 7. Bb2 cxd4 8. Nxd4 Bb4+ 9. Bc3 Bd6 10. Bd3 O-O 11. Nd2 Ne5 12. Be2 Re8 13. O-O Bd7 14. Bb2 h6 15. N2f3 a6 16. Rc1 Ng6 17. Bd3 Ne4 18. Ne2 Qe7 19. Ng3 Rad8 20. Qc2 Rc8 21. Qb1 Rcd8 22. Qa1 f6 23. Nd4 Nh4 24. Rfe1 Qf7 25. Nxe4 Qg6 26. Ng3 Qxd3 27. Qb1 Qxb1 28. Rxb1 Be5 29. Rbc1 Rc8 30. f3 Kf7 31. Kf2 Ng6 32. Nge2 Ne7 33. Nf4 Bxf4 34. exf4 Nf5 35. g4 Nxd4 36. Bxd4 Rxe1 37. Rxc8 Bxc8 38. Kxe1 f5 39. h3 g6 40. Kf2 Ke6 41. Kg3 Kf7 42. Kh4 Bd7 43. Be5 Bb5 44. Kg3 Bd3 45. Kf2 Bb1 46. a3 Ke6 47. Bg7 h5 48. Bd4 Bc2 49. b4 Bd1 50. g5 Kd7 51. Ke3 Kc6 52. Kd2 Bxf3 53. a4 h4 54. Bf2 Bg2 55. Kc3 Bxh3 56. Bxh4 Bg2 57. Bf2 Bf3 58. Bd4 Bh5 59. Be5 Bg4 60. Kd4 Bf3 61. a5 Bd1 62. Bf6 Bf3 63. Bg7 Kd6 64. Bf8+ Kc6 65. Ke5 Kb5 66. Kd4 Ka4 67. Bc5 Kb5 68. Bd6 Be4 69. Bc5 Kc6 70. Ke5 Bc2 71. Kf6 b6 72. axb6 a5 73. bxa5 Bd3 74. Bd4 Ba6 75. Kxg6 Kb5 76. Kf6 Kc4 77. Ke5 Kb5 78. g6 1-0


[Site "https://www.chess.com"]

[Event "Titled Tuesday Blitz January 17 Early 2023"]
[White "Le, Tuan Minh"]
[Black "Wagner, Dennis"]
[WhiteFideId "12401153"]
[BlackFideId "24650684"]
[WhiteElo "2542"]
[BlackElo "2595"]
[Result "1-0"]
[Round "04"]
[TimeControl "180+2"]
[Date "2023.01.17"]
[WhiteClock "0:01:46"]
[BlackClock "0:00:04"]

1. d4 Nf6 2. Nf3 d5 3. Bf4 e6 4. e3 c5 5. c3 Bd6 6. Bb5+ Nc6 7. Bg3 O-O 8. Nbd2 Ne7 9. Bd3 b6 10. e4 dxe4 11. Nxe4 Nxe4 12. Bxe4 Rb8 13. dxc5 Bxg3 14. hxg3 Qxd1+ 15. Rxd1 f5 16. Bc2 bxc5 17. Bb3 Nd5 18. Ne5 a5 19. Rxd5 Rxb3 20. axb3 exd5 21. Kd2 f4 22. gxf4 Rxf4 23. f3 Rf6 24. Ra1 Ra6 25. Nd3 c4 26. Nc5 Rg6 27. g4 h5 28. gxh5 Rg2+ 29. Ke3 cxb3 30. Nxb3 Rxb2 31. Nd4 Kh7 32. Rxa5 Bb7 33. Nf5 Rb1 34. Rc5 Re1+ 35. Kf4 Rc1 36. Rc7 Ba6 37. h6 Bd3 38. Rxg7+ Kh8 39. Nd6 Rxc3 40. Nf7# 1-0


[Site "https://www.chess.com"]

[Event "Titled Tuesday Blitz January 17 Early 2023"]
[White "Srihari L R"]
[Black "Aravindh, Chithambaram VR."]
[WhiteFideId "46617116"]
[BlackFideId "5072786"]
[WhiteElo "2416"]
[BlackElo "2633"]
[Result "0-1"]
[Round "04"]
[TimeControl "180+2"]
[Date "2023.01.17"]
[WhiteClock "0:00:01"]
[BlackClock "0:00:05"]

1. c4 e6 2. Nc3 d5 3. d4 g6 4. g3 Bg7 5. Nf3 Ne7 6. cxd5 exd5 7. Bg2 O-O 8. O-O c6 9. Re1 Re8 10. Bf4 Nf5 11. Be5 Nd7 12. Bxg7 Nxg7 13. e4 dxe4 14. Nxe4 Nf6 15. Nxf6+ Qxf6 16. Rxe8+ Nxe8 17. Qb3 Qe7 18. Re1 Be6 19. d5 cxd5 20. Nd4 Nf6 21. Nxe6 fxe6 22. Bxd5 Nxd5 23. Qxd5 Re8 24. Qd4 b6 25. Qc4 Kg7 26. Re5 Qd6 27. Qc3 Kg8 28. Kg2 Re7 29. Qe3 Qc6+ 30. Kh3 Qc4 31. b3 Qf1+ 32. Kh4 Qd1 33. Kh3 Qf1+ 34. Kh4 Qg2 35. h3 Qc6 36. f4 Kf7 37. g4 Qg2 38. f5 gxf5 39. gxf5 Kf8 40. f6 Rf7 41. Qh6+ Ke8 42. Rxe6+ Kd7 43. Qe3 Qd5 44. Re7+ Kc6 45. Rxf7 Qxf7 46. Qe5 Qg6 47. Qf4 Qf7 48. Kg5 Qg6+ 49. Kh4 Qf7 50. Kg3 Qg6+ 51. Kf3 Qd3+ 52. Kf2 Qc2+ 53. Ke3 Qc3+ 54. Ke4 Qc2+ 55. Ke5 Qc5+ 56. Ke6 Qd5+ 57. Ke7 Qd7+ 58. Kf8 Qxh3 59. f7 Kd7 60. Qd4+ Ke6 61. Qe4+ Kf6 62. Qf4+ Kg6 63. Kg8 Qe6 64. Qg3+ Kf6 65. Qg7+ Ke7 66. Qf8+ Kf6 67. Qe8 Qd5 68. Qf8 Qg5+ 69. Kh8 Qg6 70. Qd6+ Kxf7 71. Qd7+ Kf6 72. Qd6+ Kf5 73. Qd3+ Kf4 74. Qd2+ Ke4 75. Qe2+ Kd4 76. Qf2+ Kc3 77. Qe1+ Kb2 78. Qf2+ Qc2 79. Qf7 Qc3+ 80. Kxh7 Qd3+ 81. Kg8 Qd8+ 82. Kh7 a5 83. a4 Qd4 84. Kg8 Qg4+ 85. Kf8 Qb4+ 86. Kg8 Qxb3 87. Qxb3+ Kxb3 0-1


[Site "https://www.chess.com"]

[Event "Titled Tuesday Blitz January 17 Early 2023"]
[White "Vlassov, Nikolai"]
[Black "Movahed, Sina"]
[WhiteFideId "4103360"]
[BlackFideId "42520835"]
[WhiteElo "2283"]
[BlackElo "2340"]
[Result "1-0"]
[Round "04"]
[TimeControl "180+2"]
[Date "2023.01.17"]
[WhiteClock "0:00:04"]
[BlackClock "0:00:06"]

1. e4 c5 2. c3 Nf6 3. e5 Nd5 4. d4 cxd4 5. cxd4 d6 6. Bc4 Nb6 7. Bb3 dxe5 8. Qh5 e6 9. dxe5 Bd7 10. Nf3 Bb5 11. Nc3 Ba6 12. Bg5 Qc8 13. Rd1 Nc6 14. Nd4 Nxd4 15. Rxd4 Bc5 16. Rd8+ Qxd8 17. Bxd8 Rxd8 18. f4 O-O 19. Ne4 Bb4+ 20. Kf2 Rd4 21. Bc2 Rc8 22. Bb1 Nd5 23. Kg3 Bd3 24. Ng5 Bxb1 25. Qxf7+ Kh8 26. Nxe6 Rd3+ 27. Kg4 Ne3+ 28. Kg5 h6+ 29. Kh5 Rg8 30. Rxb1 Nxg2 31. f5 Rf3 32. f6 g6+ 33. Kxh6 Rh3+ 34. Kg5 Rh5+ 35. Kg4 Ne3+ 36. Kf3 Nf5 37. Ng7 Nh4+ 38. Kg4 Rh6 39. Kg5 Bd2+ 40. Kg4 g5 41. Rd1 Ng6 42. Kf5 Bf4 43. Qxg6 Rxg6 44. Kxg6 Bxe5 45. Rd3 g4 46. Rd5 1-0


[Site "https://www.chess.com"]

[Event "Titled Tuesday Blitz January 17 Early 2023"]
[White "Starozhilov, Leonid"]
[Black "Kravtsiv, Martyn"]
[WhiteFideId "14106752"]
[BlackFideId "14113147"]
[WhiteElo "2313"]
[BlackElo "2598"]
[Result "0-1"]
[Round "04"]
[TimeControl "180+2"]
[Date "2023.01.17"]
[WhiteClock "0:00:02"]
[BlackClock "0:00:08"]

1. e4 e5 2. Nf3 Nc6 3. Nc3 Nf6 4. Bb5 Bb4 5. Bxc6 dxc6 6. d3 Nd7 7. O-O O-O 8. Bd2 Re8 9. h3 Nf8 10. Ne2 Bd6 11. Nh2 Ne6 12. Kh1 c5 13. f4 exf4 14. Nxf4 Nxf4 15. Bxf4 Be6 16. b3 a5 17. a4 f6 18. Qd2 Bf8 19. Rf2 Qd7 20. Raf1 c6 21. Qc3 b5 22. Be3 c4 23. dxc4 bxc4 24. e5 Bb4 25. Qb2 fxe5 26. Nf3 Bd5 27. Kg1 cxb3 28. cxb3 Bd6 29. Ng5 h6 30. Nf7 Bxf7 31. Rxf7 Qe6 32. Qc2 Bf8 33. Qe4 Rab8 34. Bd2 Qd5 35. Qe2 Qxb3 36. Bxh6 Qxf7 37. Rxf7 Kxf7 38. Be3 Re6 39. Kh2 Bd6 40. Qc4 e4+ 41. Kg1 Rb1+ 42. Kf2 Rb2+ 43. Ke1 Bb4+ 44. Kf1 Rb1+ 45. Kf2 Rb2+ 46. Kg3 Rb1 47. Kh4 Rd1 48. g4 Rd5 49. Qa6 Rd7 50. g5 Be7 51. Kg4 Rd3 52. Bf4 Rd5 53. Qc4 e3 54. h4 e2 55. Bg3 e1=Q 56. Bxe1 Rxe1 57. Qf4+ Ke8 58. Qb8+ Rd8 59. Qb7 Re6 60. Qa6 Red6 61. Kh5 g6+ 62. Kh6 Bf8+ 63. Kh7 R8d7+ 64. Kg8 Rd8 65. Qe2+ Be7 66. Kg7 Kd7 67. Qa6 c5 68. Qb7+ Ke6 69. Qe4+ Kd7 70. Qb7+ Ke8 71. Kg8 R8d7 72. Qc8+ Bd8 73. Qxc5 Re6 74. Qb5 Re7 75. h5 Rg7+ 76. Kh8 Rh7+ 77. Kg8 Rg7+ 78. Kh8 gxh5 79. Qe5+ Rge7 80. Qf5 Rh7+ 81. Qxh7 Rxh7+ 82. Kxh7 Bxg5 83. Kg6 h4 0-1


[Site "https://www.chess.com"]

[Event "Titled Tuesday Blitz January 17 Early 2023"]
[White "Indjic, Aleksandar"]
[Black "Msellek, Ilyass"]
[WhiteFideId "911925"]
[BlackFideId "675938"]
[WhiteElo "2618"]
[BlackElo "2420"]
[Result "1-0"]
[Round "04"]
[TimeControl "180+2"]
[Date "2023.01.17"]
[WhiteClock "0:00:08"]
[BlackClock "0:00:02"]

1. e4 c6 2. d4 d5 3. Nc3 dxe4 4. Nxe4 Nf6 5. Nxf6+ exf6 6. c3 Bd6 7. Bd3 O-O 8. Qc2 Re8+ 9. Be3 h5 10. O-O-O Nd7 11. h3 Nf8 12. g4 hxg4 13. hxg4 g6 14. Ne2 a5 15. Rh4 f5 16. Rdh1 fxg4 17. Qd2 Qf6 18. Bg5 Qxf2 19. Qd1 f5 20. Qb3+ Be6 21. Rh8+ Kf7 22. Qxb7+ Be7 23. Bxe7 Qe3+ 24. Kc2 Bb3+ 25. Qxb3+ Kxe7 26. Qb7+ Kf6 27. Qxc6+ Kg5 28. Qc7 Rab8 29. Qg7 Qe6 30. Qh6+ Kf6 31. Nf4 Qxa2 32. Rxf8+ Rxf8 33. Qxg6+ Ke7 34. Rh7+ Kd8 35. Qd6+ Kc8 36. Qc7# 1-0


[Site "https://www.chess.com"]

[Event "Titled Tuesday Blitz January 17 Early 2023"]
[White "Baskakov, Egor"]
[Black "UnknownMagician"]
[WhiteFideId "24197866"]
[WhiteElo "2215"]
[BlackElo "2637"]
[Result "0-1"]
[Round "04"]
[TimeControl "180+2"]
[Date "2023.01.17"]
[WhiteClock "0:00:02"]
[BlackClock "0:00:08"]

1. e4 c6 2. d4 d5 3. e5 Bf5 4. Ne2 e6 5. Ng3 Bg6 6. h4 h5 7. Bd3 Bxd3 8. cxd3 g6 9. Nd2 Nh6 10. Nf3 Be7 11. Bg5 Bxg5 12. Nxg5 Qa5+ 13. Kf1 Nd7 14. a3 O-O-O 15. b4 Qb6 16. Nf3 Kb8 17. Qd2 Ng4 18. Qf4 Rdf8 19. Nh2 Nh6 20. Nf3 Ng4 21. Ke2 Qc7 22. Qd2 f6 23. exf6 Rxf6 24. Rhc1 e5 25. Kf1 Rhf8 26. Re1 Rxf3 27. gxf3 Nh2+ 28. Kg2 Nxf3 29. Qh6 Qd8 30. dxe5 Qxh4 31. Rh1 Qg4 32. e6 Qxe6 33. Nxh5 Qg4+ 34. Ng3 Nfe5 35. Raf1 Nxd3 36. Qe3 Nf4+ 37. Kg1 Nf6 38. Qe5+ Kc8 39. Qe7 Nd7 40. Rh7 Rd8 41. Re1 Qf3 42. Rh2 Qxa3 43. Qd6 Qf3 44. b5 Nb8 45. Qc5 Nd3 0-1


[Site "https://www.chess.com"]